Map: King Sejong Station LE

Players

HabsExecutor

  • Race: Protoss Protoss
  • League: Diamond

Zarkze - Winner!

  • Race: Terran Terran
  • League: Gold

Zarkze - Winner!

  • Race: Terran Terran
  • League: Gold

VOD

Have the link to the VOD?

Description

Time

  • Played on: July 1, 2016, 11:18 p.m.
  • Length: 13:26
Show
View Real Time Build Order
Export as new Build Order

HabsExecutor Protoss 

Build Orders: Double Forge 

Get SALT Encoding   

  12  0:01  Probe (Chrono Boost)  
  13  0:12  Probe (Chrono Boost)  
  14  0:20  Pylon  
  14  0:22  Probe (Chrono Boost)  
  15  0:38  Probe (Chrono Boost)  
  15  0:40  Gateway  
  16  0:48  Assimilator, Probe (Chrono Boost)  
  17  0:52  Assimilator  
  17  0:59  Probe (Chrono Boost)  
  17  1:03  Pylon  
  18  1:10  Probe (Chrono Boost)  
  19  1:20  Probe (Chrono Boost)  
  20  1:27  Cybernetics Core  
  20  1:33  Probe (Chrono Boost)  
  21  1:48  Pylon  
  21  2:04  Nexus  
  21  2:13  Stalker (Chrono Boost)  
  23  2:16  Warp Gate (Chrono Boost)  
  23  2:23  Mothership Core  
  24  2:44  Robotics Facility, Probe  
  25  2:57  Probe  
  26  3:10  Probe  
  27  3:15  Probe, Pylon  
  28  3:20  Stalker  
  28  3:24  Probe  
  31  3:29  Gateway  
  31  3:37  Gateway  
  31  3:39  Observer (Chrono Boost)  
  32  3:42  Probe  
  32  3:43  Probe  
  34  3:50  Pylon  
  34  3:57  Probe  
  34  3:58  Probe  
  37  4:03  Observer (Chrono Boost)  
  37  4:08  Probe  
  38  4:11  Probe  
  39  4:17  Pylon  
  39  4:18  Probe  
  39  4:23  Probe  
  41  4:34  Immortal (Chrono Boost), Probe  
  41  4:35  Probe  
  47  4:43  Forge  
  47  4:46  Forge  
  47  4:47  Twilight Council  
  47  4:50  Pylon  
  47  4:55  Probe  
  47  4:56  Probe  
  47  4:59  Stalker  
  51  5:03  Stalker  
  53  5:08  Stalker  
  53  5:10  Probe x2  
  57  5:20  Immortal (Chrono Boost)  
  61  5:31  Gateway  
  61  5:35  Gateway  
  61  5:37  Gateway  
  61  5:42  Pylon  
  61  5:44  Protoss Ground Armor Level 1 (Chrono Boost)  
  61  5:45  Protoss Ground Weapons Level 1 (Chrono Boost)  
  61  5:51  Charge  
  61  5:53  Probe  
  61  5:55  Probe  
  63  6:02  Assimilator  
  63  6:06  Assimilator  
  63  6:09  Photon Cannon  
  63  6:15  Photon Cannon  
  63  6:18  Zealot x2  
  63  6:21  Zealot  
  69  6:26  Probe  
  69  6:27  Probe  
  71  6:39  Probe x2  
  73  6:48  Templar Archives  
  73  6:51  Observer, Probe, Pylon  
  75  6:58  Nexus  
  75  7:04  Pylon  
  75  7:10  Zealot x2  
  75  7:11  Zealot  
  81  7:17  Pylon  
  71  7:31  Zealot  
  71  7:32  Zealot x4  
  72  7:37  Zealot  
  66  7:48  Probe x2  
  68  7:58  Psionic Storm  
  68  8:00  Probe x2  
  70  8:12  Probe x2  
  71  8:13  Protoss Ground Weapons Level 2  
  72  8:22  Protoss Ground Armor Level 2  
  72  8:24  Probe, Nexus  
  72  8:25  Probe  
  72  8:27  Pylon  
  74  8:31  Pylon  
  74  8:33  Zealot  
  74  8:34  Zealot  
  78  8:42  Pylon  
  78  8:44  High Templar  
  78  8:45  High Templar x3  
  86  8:49  Probe x2  
  88  9:01  Photon Cannon  
  88  9:05  Photon Cannon  
  88  9:12  High Templar x2  
  88  9:16  Archon  
  92  9:22  Zealot x4  
  101  9:31  Probe x2  
  101  9:34  Observer  
  103  9:38  Probe  
  103  9:43  Probe  
  103  9:44  Probe  
  106  9:49  Probe  
  106  9:50  Assimilator  
  107  9:55  Assimilator, High Templar x4, Probe  
  107  9:57  Zealot x2  
  107  9:59  Archon x2, Pylon  
  120  10:04  Probe x2  
  122  10:15  Pylon  
  122  10:28  Pylon  
  122  10:31  Stargate  
  122  10:32  Protoss Air Weapons Level 1 (Chrono Boost)  
  122  10:33  Stargate  
  122  10:41  Zealot x2  
  122  10:42  Zealot x3  
  128  11:04  Zealot x2  
  128  11:05  Zealot x4  
  83  11:26  Void Ray  
  83  11:30  Stalker x3  
  83  11:31  Stalker  
  91  11:44  Pylon  
  91  11:45  Stalker x3, Pylon  
  91  11:46  Stalker x3  
  103  11:50  Void Ray, Probe  
  103  11:51  Probe  
  103  11:57  Pylon  
  99  12:09  Fleet Beacon  
  99  12:18  Void Ray (Chrono Boost)  
  99  12:19  Fleet Beacon  
  103  12:22  Photon Cannon  
  103  12:24  Probe  
  103  12:29  Pylon  
  104  12:32  Photon Cannon  
  104  12:33  Probe  
  105  12:42  Immortal  
  105  12:43  Probe  
  111  12:44  Void Ray (Chrono Boost)  
  110  12:54  Nexus  
  110  12:58  Stalker  
  90  13:08  Stalker, Zealot  
  75  13:13  Zealot  
Show
View Real Time Build Order
Export as new Build Order

Zarkze Terran - Winner!

Build Orders: Reaper Expand, MMM Bio 

Get SALT Encoding   

  12  0:01  SCV  
  13  0:16  SCV  
  14  0:23  Supply Depot  
  14  0:29  SCV  
  15  0:45  SCV  
  15  0:46  Barracks  
  15  0:49  Refinery  
  16  0:57  Supply Depot, SCV  
  17  1:09  SCV  
  18  1:21  SCV  
  19  1:34  Orbital Command  
  19  1:37  Reaper  
  20  1:56  Command Center  
  20  2:08  SCV  
  21  2:14  Supply Depot  
  21  2:20  Barracks Reactor  
  22  2:30  SCV  
  22  2:37  Factory  
  22  2:42  SCV  
  23  2:54  SCV  
  24  2:59  Barracks  
  24  3:00  Barracks  
  24  3:01  Engineering Bay, Marine x2  
  26  3:10  Orbital Command  
  26  3:21  Marine x2  
  26  3:24  SCV  
  29  3:28  Starport  
  29  3:33  Widow Mine  
  31  3:36  SCV  
  32  3:42  Refinery  
  32  3:48  Bunker, SCV  
  33  3:58  Barracks Reactor, Barracks Tech Lab  
  33  4:02  Widow Mine  
  35  4:03  Barracks Tech Lab  
  35  4:08  SCV  
  35  4:09  SCV  
  37  4:11  Marine x2  
  39  4:20  SCV  
  39  4:21  SCV, Marine x2  
  43  4:24  Medivac  
  45  4:36  Marine x2  
  45  4:38  Widow Mine  
  47  4:39  Marine  
  47  4:41  SCV x2  
  52  4:48  Refinery  
  52  4:52  Missile Turret  
  52  5:00  Missile Turret  
  52  5:01  SCV x2  
  54  5:16  Combat Shields  
  54  5:17  Stimpack  
  54  5:20  Marine x4  
  59  5:21  SCV  
  59  5:24  Supply Depot, SCV  
  60  5:31  Starport Reactor  
  60  5:33  SCV  
  61  5:36  SCV  
  61  5:37  Terran Infantry Weapons Level 1  
  62  5:45  SCV, Marine x2  
  62  5:46  Marauder  
  67  5:51  Supply Depot  
  67  5:52  Supply Depot  
  67  5:56  Marine  
  68  5:58  SCV  
  68  5:59  SCV  
  70  6:13  Medivac x2, Marine x3  
  77  6:20  SCV x2  
  77  6:21  Supply Depot  
  77  6:22  Supply Depot  
  80  6:32  SCV  
  80  6:34  Marine  
  80  6:35  Marauder x2, Marine  
  86  6:50  SCV x2  
  86  6:51  Armory, Engineering Bay  
  86  6:52  Marine  
  89  6:56  Marine  
  89  6:57  Marine  
  89  7:00  Medivac  
  93  7:06  Supply Depot  
  93  7:08  SCV  
  93  7:09  SCV  
  93  7:10  Command Center  
  93  7:12  Refinery  
  95  7:21  SCV  
  81  7:58  Marauder x2, Marine x2  
  85  8:03  Barracks x2  
  84  8:05  SCV x2  
  84  8:06  Ghost Academy  
  84  8:10  Liberator x2  
  85  8:21  Marine  
  85  8:22  Marauder x2, Marine  
  85  8:25  Terran Infantry Weapons Level 2  
  85  8:26  Terran Infantry Armor Level 1  
  97  8:44  Marauder x2, Marine x2  
  103  8:52  Barracks  
  103  8:53  Barracks, Barracks Reactor  
  103  8:54  Barracks Tech Lab  
  103  9:00  Orbital Command  
  103  9:02  Liberator x2, Marine  
  104  9:05  Ghost x2  
  107  9:15  Command Center  
  107  9:17  Marine x2  
  107  9:20  Marine  
  116  9:27  Supply Depot  
  116  9:29  Starport, Supply Depot  
  116  9:33  Refinery, SCV  
  116  9:34  SCV  
  118  9:44  Marine x2  
  118  9:45  Ghost, Marine x2  
  122  9:49  SCV x3  
  127  10:01  SCV x2  
  129  10:15  Marine x4  
  129  10:16  Marauder x3  
  139  10:32  SCV  
  139  10:33  SCV x2, Marine x3  
  139  10:34  Planetary Fortress  
  145  10:36  Marine  
  145  10:37  Marauder  
  145  10:38  Marauder x2  
  152  10:43  Barracks  
  152  10:45  Barracks  
  152  10:51  Marine x3  
  152  10:54  Marine  
  156  11:06  Marauder  
  156  11:07  Marauder x2  
  135  11:18  Marine x4  
  126  11:21  Medivac x2  
  126  11:23  SCV x2  
  124  11:27  Marine  
  124  11:28  Marine x2  
  124  11:30  Missile Turret  
  124  11:32  Refinery  
  126  11:36  Marine  
  125  11:41  Marine x3  
  125  11:45  Marine  
  125  11:46  Marauder x2  
  133  11:50  Medivac  
  133  11:51  Medivac  
  133  11:52  Starport Reactor  
  133  11:54  Marine  
  130  12:03  SCV x4  
  134  12:11  Ghost x3  
  140  12:16  Barracks Reactor  
  140  12:23  Widow Mine  
  140  12:24  Barracks, Medivac  
  140  12:25  Barracks, Medivac  
  140  12:26  Barracks Tech Lab  
  146  12:51  Widow Mine  
  128  13:02  Marauder, Marine  
Show
View Real Time Build Order
Export as new Build Order

Zarkze Terran - Winner!

Build Orders: Reaper Expand, MMM Bio 

Get SALT Encoding   

  12  0:01  SCV  
  13  0:16  SCV  
  14  0:23  Supply Depot  
  14  0:29  SCV  
  15  0:45  SCV  
  15  0:46  Barracks  
  15  0:49  Refinery  
  16  0:57  Supply Depot, SCV  
  17  1:09  SCV  
  18  1:21  SCV  
  19  1:34  Orbital Command  
  19  1:37  Reaper  
  20  1:56  Command Center  
  20  2:08  SCV  
  21  2:14  Supply Depot  
  21  2:20  Barracks Reactor  
  22  2:30  SCV  
  22  2:37  Factory  
  22  2:42  SCV  
  23  2:54  SCV  
  24  2:59  Barracks  
  24  3:00  Barracks  
  24  3:01  Engineering Bay, Marine x2  
  26  3:10  Orbital Command  
  26  3:21  Marine x2  
  26  3:24  SCV  
  29  3:28  Starport  
  29  3:33  Widow Mine  
  31  3:36  SCV  
  32  3:42  Refinery  
  32  3:48  Bunker, SCV  
  33  3:58  Barracks Reactor, Barracks Tech Lab  
  33  4:02  Widow Mine  
  35  4:03  Barracks Tech Lab  
  35  4:08  SCV  
  35  4:09  SCV  
  37  4:11  Marine x2  
  39  4:20  SCV  
  39  4:21  SCV, Marine x2  
  43  4:24  Medivac  
  45  4:36  Marine x2  
  45  4:38  Widow Mine  
  47  4:39  Marine  
  47  4:41  SCV x2  
  52  4:48  Refinery  
  52  4:52  Missile Turret  
  52  5:00  Missile Turret  
  52  5:01  SCV x2  
  54  5:16  Combat Shields  
  54  5:17  Stimpack  
  54  5:20  Marine x4  
  59  5:21  SCV  
  59  5:24  Supply Depot, SCV  
  60  5:31  Starport Reactor  
  60  5:33  SCV  
  61  5:36  SCV  
  61  5:37  Terran Infantry Weapons Level 1  
  62  5:45  SCV, Marine x2  
  62  5:46  Marauder  
  67  5:51  Supply Depot  
  67  5:52  Supply Depot  
  67  5:56  Marine  
  68  5:58  SCV  
  68  5:59  SCV  
  70  6:13  Medivac x2, Marine x3  
  77  6:20  SCV x2  
  77  6:21  Supply Depot  
  77  6:22  Supply Depot  
  80  6:32  SCV  
  80  6:34  Marine  
  80  6:35  Marauder x2, Marine  
  86  6:50  SCV x2  
  86  6:51  Armory, Engineering Bay  
  86  6:52  Marine  
  89  6:56  Marine  
  89  6:57  Marine  
  89  7:00  Medivac  
  93  7:06  Supply Depot  
  93  7:08  SCV  
  93  7:09  SCV  
  93  7:10  Command Center  
  93  7:12  Refinery  
  95  7:21  SCV  
  81  7:58  Marauder x2, Marine x2  
  85  8:03  Barracks x2  
  84  8:05  SCV x2  
  84  8:06  Ghost Academy  
  84  8:10  Liberator x2  
  85  8:21  Marine  
  85  8:22  Marauder x2, Marine  
  85  8:25  Terran Infantry Weapons Level 2  
  85  8:26  Terran Infantry Armor Level 1  
  97  8:44  Marauder x2, Marine x2  
  103  8:52  Barracks  
  103  8:53  Barracks, Barracks Reactor  
  103  8:54  Barracks Tech Lab  
  103  9:00  Orbital Command  
  103  9:02  Liberator x2, Marine  
  104  9:05  Ghost x2  
  107  9:15  Command Center  
  107  9:17  Marine x2  
  107  9:20  Marine  
  116  9:27  Supply Depot  
  116  9:29  Starport, Supply Depot  
  116  9:33  Refinery, SCV  
  116  9:34  SCV  
  118  9:44  Marine x2  
  118  9:45  Ghost, Marine x2  
  122  9:49  SCV x3  
  127  10:01  SCV x2  
  129  10:15  Marine x4  
  129  10:16  Marauder x3  
  139  10:32  SCV  
  139  10:33  SCV x2, Marine x3  
  139  10:34  Planetary Fortress  
  145  10:36  Marine  
  145  10:37  Marauder  
  145  10:38  Marauder x2  
  152  10:43  Barracks  
  152  10:45  Barracks  
  152  10:51  Marine x3  
  152  10:54  Marine  
  156  11:06  Marauder  
  156  11:07  Marauder x2  
  135  11:18  Marine x4  
  126  11:21  Medivac x2  
  126  11:23  SCV x2  
  124  11:27  Marine  
  124  11:28  Marine x2  
  124  11:30  Missile Turret  
  124  11:32  Refinery  
  126  11:36  Marine  
  125  11:41  Marine x3  
  125  11:45  Marine  
  125  11:46  Marauder x2  
  133  11:50  Medivac  
  133  11:51  Medivac  
  133  11:52  Starport Reactor  
  133  11:54  Marine  
  130  12:03  SCV x4  
  134  12:11  Ghost x3  
  140  12:16  Barracks Reactor  
  140  12:23  Widow Mine  
  140  12:24  Barracks, Medivac  
  140  12:25  Barracks, Medivac  
  140  12:26  Barracks Tech Lab  
  146  12:51  Widow Mine  
  128  13:02  Marauder, Marine  
Tags
 
Add a new tag
Caveats
  • Supply blocks, unpowered buildings, or Contaminate may cause inaccurate times.
  • Supply counts are checked every 10 seconds.